MapleLeafs vs Sharks

Created - April 4, 2016 at 18:17

Goals
1 2 3 T
MapleLeafs 0 0 3 3
Sharks 1 1 0 2
Shots
1 2 3 T
MapleLeafs 7 8 17 32
Sharks 13 9 5 27

1st period

1. Sharks , Nick Bjugstad 29 (Andrew Shaw, Nikolai Kulemin) at 10:42

Penalties :
Matt Martin (TOR) for Tripping (Minor) at 1:16, Eric Gelinas (TOR) for Goalie Interference (Minor) at 3:26, Luke Witkowski (SJS) for Roughing (Minor) at 7:24, Anders Lee (TOR) for Tripping (Minor) at 11:51, Brooks Laich (SJS) for Hooking (Minor) at 16:46, Ben Lovejoy (TOR) for Interference (Minor) at 16:46, Antoine Roussel (TOR) for Holding Stick (Minor) at 19:21

2nd period

2. Sharks , Alexander Wennberg 8 (Charlie Coyle) at 14:06

Penalties :
Andrej Sustr (SJS) for Hooking (Minor) at 1:32, Jon Merrill (SJS) for Slashing (Minor) at 3:50, Matt Martin (TOR) for Hooking (Minor) at 3:50, Stephen Weiss (SJS) for Holding (Minor) at 14:58, Robert Bortuzzo (SJS) for Holding (Minor) at 19:46

3rd period

3. MapleLeafs , Anders Lee 14 (Riley Sheahan, Dennis Seidenberg) at 8:04
4. MapleLeafs , Ryan White 5 (Milan Lucic, Michael Del Zotto) at 10:31 (PP)
5. MapleLeafs , Matt Duchene 24 (Dwight King, Ben Lovejoy) at 11:28

Penalties :
Brooks Laich (SJS) for Tripping (Minor) at 0:18, Andrew Shaw (SJS) for High sticking (Minor) at 3:14, Andrej Sustr (SJS) for Hooking (Minor) at 10:23, Andrej Sustr (SJS) for Hooking (Minor) at 14:15

Goalie Stats

Petr Mrazek (TOR), 25 saves from 27 shots - (0.926), W, 23-31-8, 60:00 minutes
Jonas Hiller (SJS), 29 saves from 32 shots - (0.906), L, 26-25-6, 59:43 minutes

Players Stats for MapleLeafs

Player Name              G  A  P  +/- PIM S  H  SB GA TA FO     MP     PP MP  PK MP  
------------------------------------------------------------------------------------
Anders Lee               1  0  1   0  2   6  2  0  0  0  2/3    21:12   5:37   2:18 
Antoine Roussel          0  0  0  -1  2   1  1  0  0  0  0/1     8:58   0:00   1:29 
Ben Lovejoy              0  1  1   0  2   1  0  0  0  0  0/0    12:55   0:00   3:44 
Brock Nelson             0  0  0   0  0   2  2  1  0  0  10/31  23:36   5:37   3:23 
Dalton Prout             0  0  0   0  0   0  1  0  0  0  0/0    11:08   0:00   0:00 
Dennis Seidenberg        0  1  1   0  0   0  1  1  0  0  0/0    16:53   0:00   4:12 
Dwight King              0  1  1   1  0   3  1  0  0  0  1/2    16:30   4:51   0:14 
Eric Gelinas             0  0  0   0  2   3  0  2  0  0  0/0    13:04   6:36   0:00 
Jamie Oleksiak           0  0  0   0  0   0  0  0  0  0  0/0     9:56   0:00   0:00 
Jiri Sekac               0  0  0   0  0   0  0  0  0  0  0/0     1:43   0:00   0:00 
Matt Duchene             1  0  1   1  0   7  0  0  0  0  15/25  19:42   6:57   0:00 
Matt Martin              0  0  0  -1  4   2  2  0  0  0  1/2    13:40   0:52   0:00 
Michael Del Zotto        0  1  1   0  0   0  2  2  0  0  0/0    23:29   6:36   4:12 
Milan Lucic              0  1  1   1  0   2  3  0  0  0  1/1    24:22   6:05   4:19 
Nick Leddy               0  0  0   0  0   3  0  1  0  0  0/0    20:06   5:58   3:44 
Nikita Nikitin           0  0  0   0  0   1  0  0  0  0  0/0    12:27   5:58   0:00 
Riley Sheahan            0  1  1   0  0   0  0  0  0  0  9/20   20:35   0:46   4:09 
Ryan White               1  0  1  -1  0   1  1  1  0  0  1/1    17:44   6:57   0:00 

Players Stats for Sharks

Player Name              G  A  P  +/- PIM S  H  SB GA TA FO     MP     PP MP  PK MP  
------------------------------------------------------------------------------------
Alexander Wennberg       1  0  1   0  0   2  0  0  0  0  7/14   15:47   3:47   0:00 
Andrej Sustr             0  0  0   0  6   0  0  1  0  0  0/0    22:21   3:09   4:46 
Andrew Shaw              0  1  1   1  2   4  0  0  0  0  8/11   21:57   4:09   5:18 
Brooks Laich             0  0  0   0  4   2  2  1  0  0  8/11   21:41   3:47   4:57 
Charlie Coyle            0  1  1   0  0   4  2  0  0  0  0/0    15:47   3:47   0:00 
Dave Bolland             0  0  0   0  0   1  0  0  0  0  3/7     5:36   0:38   0:51 
David Savard             0  0  0   0  0   3  1  1  0  0  0/0    26:17   4:47   7:25 
Gabriel Bourque          0  0  0  -1  0   1  1  0  0  0  0/0     9:39   0:00   0:13 
Jannik Hansen            0  0  0  -1  0   5  0  0  0  0  2/7    22:31   4:09   7:30 
Jon Merrill              0  0  0   0  2   0  0  1  0  0  0/0    12:01   0:00   0:00 
Jordan Leopold           0  0  0   0  0   0  0  0  0  0  0/0     0:00   0:00   0:00 
Ladislav Smid            0  0  0   0  0   0  1  0  0  0  0/0    17:23   3:38   2:23 
Luke Witkowski           0  0  0   0  2   0  4  0  0  0  0/0    17:32   0:00   4:56 
Nick Bjugstad            1  0  1   1  0   2  1  0  0  0  11/18  23:02   3:31   4:51 
Nikolai Kulemin          0  1  1   1  0   0  0  0  0  0  0/0    10:59   0:00   0:00 
Robert Bortuzzo          0  0  0   0  2   2  3  0  0  0  0/0    24:20   4:18   5:38 
Stephen Weiss            0  0  0  -1  2   1  0  0  0  0  7/17   10:51   0:00   0:00 
Viktor Stalberg          0  0  0   0  0   0  0  0  0  0  0/1     4:07   0:00   0:00 

3 Stars

1 - Nick Bjugstad (SJS)
2 - Matt Duchene (TOR)
3 - Milan Lucic (TOR)

Power Play

MapleLeafs - 1 on 8 Attempt(s) - 12.50%
Sharks - 0 on 4 Attempt(s) - 0.00%

Penalty Kill

MapleLeafs - 4 on 4 Attempt(s) - 100.00% - Score 0 goal in Penalty Kill
Sharks - 7 on 8 Attempt(s) - 87.50% - Score 0 goal in Penalty Kill

Team Stat

MapleLeafs - Hits : 16 - Faceoff Wins : 40 - Blocked Shots : 8 - Penalty Minutes : 12
Sharks - Hits : 15 - Faceoff Wins : 46 - Blocked Shots : 4 - Penalty Minutes : 20

Official

Referees : Greg Kimmerly and Kendrick Nicholson
Linesman : Matt MacPherson and Kiel Murchison

Game Notes

Antoine Roussel is injured at 2:24 of 3rd period (Right Hip)

Finance

Level 1 -- Attendance: 6240 (96.00%) -- Ticket Income $624,000
Level 2 -- Attendance: 5000 (100.00%) -- Ticket Income $300,000
Level 3 -- Attendance: 3257 (93.06%) -- Ticket Income $113,995
Level 4 -- Attendance: 1562 (100.00%) -- Ticket Income $31,240
Luxury Box -- Attendance: 1000 (100.00%) -- Ticket Income $200,000
Game was played at the SAP center.
Total Attendance: 17059 (97.14%)
Total Ticket Income: $1,269,235
Other Income: $190,385
Total Income: $1,459,620

% Time on Ice - MapleLeafs

Lines # - Real PCT - Wanted PCT - Time Play
Normal Forward
1 - 29% - 32% - 10:05
2 - 33% - 30% - 11:28
3 - 35% - 24% - 12:14
4 - 4% - 14% - 1:18
Normal Defense
1 - 30% - 32% - 10:24
2 - 24% - 30% - 8:16
3 - 28% - 20% - 9:56
4 - 18% - 18% - 6:29
PP Forward
1 - 55% - 45% - 6:57
2 - 45% - 55% - 5:37
PP Defense
1 - 53% - 60% - 6:36
2 - 47% - 40% - 5:58
PK Forward
1 - 57% - 55% - 4:33
2 - 43% - 45% - 3:23
PK Defense
1 - 53% - 60% - 4:12
2 - 47% - 40% - 3:44
PK3 Forward
1 - 0% - 55%
2 - 0% - 45%
PK3 Defense
1 - 0% - 60%
2 - 0% - 40%
44 Forward
1 - 46% - 54% - 1:50
2 - 54% - 46% - 2:08
44 Defense
1 - 46% - 60% - 1:50
2 - 54% - 40% - 2:08
Last Minute Offensive  - 0:00
Last Minute Defensive  - 0:27
Total
Forward - 60:00
Defense - 60:00

% Time on Ice - Sharks

Lines # - Real PCT - Wanted PCT - Time Play
Normal Forward
1 - 29% - 31% - 10:06
2 - 34% - 28% - 12:00
3 - 25% - 26% - 8:52
4 - 12% - 15% - 4:07
Normal Defense
1 - 34% - 40% - 12:00
2 - 34% - 35% - 12:02
3 - 31% - 25% - 11:03
4 - 0% - 0% - 0:00
PP Forward
1 - 52% - 60% - 4:09
2 - 48% - 40% - 3:47
PP Defense
1 - 62% - 60% - 4:56
2 - 38% - 40% - 3:00
PK Forward
1 - 46% - 50% - 5:04
2 - 54% - 50% - 6:03
PK Defense
1 - 46% - 60% - 5:08
2 - 54% - 40% - 5:59
PK3 Forward
1 - 100% - 60% - 1:27
2 - 0% - 40% - 0:00
PK3 Defense
1 - 100% - 60% - 1:27
2 - 0% - 40% - 0:00
44 Forward
1 - 50% - 50% - 2:00
2 - 50% - 50% - 1:58
44 Defense
1 - 50% - 50% - 1:58
2 - 50% - 50% - 2:00
Last Minute Offensive  - 0:27
Last Minute Defensive  - 0:00
Total
Forward - 60:00
Defense - 60:00

Play by Play

1st period


0:01 of 1st period - Nick Bjugstad wins face-off versus Matt Duchene in neutral zone.
0:36 of 1st period - Shot by Andrew Shaw.
0:36 of 1st period - Stopped by Petr Mrazek with a rebound.
0:38 of 1st period - Shot by David Savard.
0:38 of 1st period - Stopped by Petr Mrazek without a rebound.
0:39 of 1st period - Brock Nelson wins face-off versus Alexander Wennberg in MapleLeafs zone.
0:57 of 1st period - Shot by Alexander Wennberg.
0:57 of 1st period - Stopped by Petr Mrazek without a rebound.
0:58 of 1st period - Matt Martin wins face-off versus Stephen Weiss in MapleLeafs zone.
1:16 of 1st period - Minor Penalty to Matt Martin for Tripping.
1:17 of 1st period - Riley Sheahan wins face-off versus Alexander Wennberg in MapleLeafs zone.
1:52 of 1st period - Shot by Brooks Laich.
1:52 of 1st period - Deflect By Alexander Wennberg.
1:52 of 1st period - Shot Blocked by Michael Del Zotto.
3:01 of 1st period - Shot by Milan Lucic.
3:01 of 1st period - Shot Blocked by David Savard.
3:26 of 1st period - Minor Penalty to Eric Gelinas for Goalie Interference.
3:27 of 1st period - Nick Bjugstad wins face-off versus Anders Lee in MapleLeafs zone.
3:30 of 1st period - Shot by Andrew Shaw.
3:30 of 1st period - Stopped by Petr Mrazek without a rebound.
3:31 of 1st period - Anders Lee wins face-off versus Jannik Hansen in MapleLeafs zone.
3:40 of 1st period - Shot by David Savard.
3:40 of 1st period - Stopped by Petr Mrazek with a rebound.
3:50 of 1st period - Shot by Jannik Hansen.
3:50 of 1st period - Stopped by Petr Mrazek with a rebound.
3:52 of 1st period - Shot by Jannik Hansen.
3:52 of 1st period - Stopped by Petr Mrazek with a rebound.
3:54 of 1st period - Shot by David Savard.
3:54 of 1st period - Shot Misses the Net.
3:59 of 1st period - Shot by Jannik Hansen.
3:59 of 1st period - Deflect By Andrew Shaw.
3:59 of 1st period - Shot Misses the Net.
4:52 of 1st period - Shot by David Savard.
4:52 of 1st period - Shot Misses the Net.
5:03 of 1st period - Andrew Shaw is hit by Antoine Roussel and loses puck.
5:22 of 1st period - Shot by Robert Bortuzzo.
5:22 of 1st period - Stopped by Petr Mrazek without a rebound.
5:23 of 1st period - Riley Sheahan wins face-off versus Alexander Wennberg in MapleLeafs zone.
6:36 of 1st period - Icing by Dalton Prout.
6:37 of 1st period - Dwight King wins face-off versus Stephen Weiss in MapleLeafs zone.
6:47 of 1st period - Icing by Dalton Prout.
6:48 of 1st period - Matt Duchene wins face-off versus Nick Bjugstad in MapleLeafs zone.
7:11 of 1st period - Shot by Anders Lee.
7:11 of 1st period - Shot Misses the Net.
7:17 of 1st period - Shot by Anders Lee.
7:17 of 1st period - Stopped by Jonas Hiller without a rebound.
7:18 of 1st period - Alexander Wennberg wins face-off versus Riley Sheahan in Sharks zone.
7:24 of 1st period - Minor Penalty to Luke Witkowski for Roughing.
7:25 of 1st period - Andrew Shaw wins face-off versus Brock Nelson in Sharks zone.
8:18 of 1st period - Shot by Matt Duchene.
8:18 of 1st period - Stopped by Jonas Hiller without a rebound.
8:19 of 1st period - Brooks Laich wins face-off versus Matt Duchene in Sharks zone.
9:26 of 1st period - Icing by Charlie Coyle.
9:27 of 1st period - Brock Nelson wins face-off versus Alexander Wennberg in Sharks zone.
9:30 of 1st period - Shot by Milan Lucic.
9:30 of 1st period - Stopped by Jonas Hiller without a rebound.
9:31 of 1st period - Stephen Weiss wins face-off versus Riley Sheahan in Sharks zone.
9:42 of 1st period - Shot by Stephen Weiss.
9:42 of 1st period - Shot Misses the Net.
9:52 of 1st period - Shot by Stephen Weiss.
9:52 of 1st period - Shot Misses the Net.
10:19 of 1st period - Michael Del Zotto is hit by David Savard and loses puck.
10:42 of 1st period - Shot by Nick Bjugstad.
10:42 of 1st period - Goal by Nick Bjugstad - MapleLeafs : 0 - Sharks : 1.
10:43 of 1st period - Matt Duchene wins face-off versus Alexander Wennberg in neutral zone.
11:01 of 1st period - Jon Merrill is hit by Dwight King and loses puck.
11:51 of 1st period - Minor Penalty to Anders Lee for Tripping.
11:52 of 1st period - Nick Bjugstad wins face-off versus Antoine Roussel in MapleLeafs zone.
12:06 of 1st period - Shot by David Savard.
12:06 of 1st period - Shot Misses the Net.
12:26 of 1st period - Shot by Nick Bjugstad.
12:26 of 1st period - Shot Misses the Net.
12:28 of 1st period - Shot by Robert Bortuzzo.
12:28 of 1st period - Stopped by Petr Mrazek without a rebound.
12:29 of 1st period - Riley Sheahan wins face-off versus Alexander Wennberg in MapleLeafs zone.
13:17 of 1st period - Icing by Robert Bortuzzo.
13:18 of 1st period - Riley Sheahan wins face-off versus Nick Bjugstad in Sharks zone.
13:25 of 1st period - Shot by David Savard.
13:25 of 1st period - Shot Misses the Net.
13:27 of 1st period - Shot by David Savard.
13:27 of 1st period - Shot Blocked by Nick Leddy.
13:29 of 1st period - Shot by Nick Bjugstad.
13:29 of 1st period - Stopped by Petr Mrazek without a rebound.
13:30 of 1st period - Nick Bjugstad wins face-off versus Riley Sheahan in MapleLeafs zone.
13:56 of 1st period - David Savard is hit by Matt Martin and loses puck.
14:15 of 1st period - Shot by Brooks Laich.
14:15 of 1st period - Stopped by Petr Mrazek without a rebound.
14:16 of 1st period - Stephen Weiss wins face-off versus Brock Nelson in MapleLeafs zone.
14:16 of 1st period - Jannik Hansen is hit by Dennis Seidenberg and loses puck.
14:50 of 1st period - Shot by Stephen Weiss.
14:50 of 1st period - Stopped by Petr Mrazek with a rebound.
15:21 of 1st period - Matt Duchene is hit by Luke Witkowski and loses puck.
15:28 of 1st period - Shot by Matt Duchene.
15:28 of 1st period - Deflect By Dwight King.
15:28 of 1st period - Shot Misses the Net.
15:30 of 1st period - Shot by Ben Lovejoy.
15:30 of 1st period - Stopped by Jonas Hiller without a rebound.
15:31 of 1st period - Nick Bjugstad wins face-off versus Riley Sheahan in Sharks zone.
16:39 of 1st period - Shot by Charlie Coyle.
16:39 of 1st period - Shot Blocked by Brock Nelson.
16:46 of 1st period - Minor Penalty to Brooks Laich for Hooking.
16:46 of 1st period - Minor Penalty to Ben Lovejoy for Interference.
16:47 of 1st period - Brock Nelson wins face-off versus Andrew Shaw in MapleLeafs zone.
17:46 of 1st period - Shot by Jannik Hansen.
17:46 of 1st period - Shot Misses the Net.
18:22 of 1st period - Icing by Milan Lucic.
18:23 of 1st period - Matt Duchene wins face-off versus Stephen Weiss in MapleLeafs zone.
19:12 of 1st period - Shot by Matt Martin.
19:12 of 1st period - Shot Blocked by Brooks Laich.
19:14 of 1st period - Shot by Eric Gelinas.
19:14 of 1st period - Stopped by Jonas Hiller with a rebound.
19:16 of 1st period - Shot by Matt Martin.
19:16 of 1st period - Stopped by Jonas Hiller without a rebound.
19:17 of 1st period - Brock Nelson wins face-off versus Dave Bolland in Sharks zone.
19:20 of 1st period - Shot by Antoine Roussel.
19:20 of 1st period - Stopped by Jonas Hiller without a rebound.
19:21 of 1st period - Dave Bolland wins face-off versus Brock Nelson in Sharks zone.
19:21 of 1st period - Minor Penalty to Antoine Roussel for Holding Stick.
19:22 of 1st period - Alexander Wennberg wins face-off versus Riley Sheahan in MapleLeafs zone.
Goals for this period are 0 for MapleLeafs vs 1 for Sharks.
Shots for this period are 7 for MapleLeafs vs 13 for Sharks.

2nd period


0:01 of 2nd period - Andrew Shaw wins face-off versus Riley Sheahan in neutral zone.
1:17 of 2nd period - Charlie Coyle is hit by Brock Nelson.
1:20 of 2nd period - Off-side.
1:21 of 2nd period - Milan Lucic wins face-off versus Dave Bolland in neutral zone.
1:32 of 2nd period - Minor Penalty to Andrej Sustr for Hooking.
1:33 of 2nd period - Andrew Shaw wins face-off versus Brock Nelson in Sharks zone.
1:33 of 2nd period - Andrew Shaw is hit by Anders Lee.
1:57 of 2nd period - Shot by Brock Nelson.
1:57 of 2nd period - Stopped by Jonas Hiller without a rebound.
1:58 of 2nd period - Brooks Laich wins face-off versus Matt Duchene in Sharks zone.
2:23 of 2nd period - Shot by Matt Duchene.
2:23 of 2nd period - Shot Misses the Net.
2:25 of 2nd period - Shot by Milan Lucic.
2:25 of 2nd period - Deflect By Matt Duchene.
2:25 of 2nd period - Stopped by Jonas Hiller without a rebound.
2:26 of 2nd period - Andrew Shaw wins face-off versus Brock Nelson in Sharks zone.
2:43 of 2nd period - Shot by Anders Lee.
2:43 of 2nd period - Shot Misses the Net.
2:45 of 2nd period - Shot by Dwight King.
2:45 of 2nd period - Stopped by Jonas Hiller without a rebound.
2:46 of 2nd period - Matt Duchene wins face-off versus Brooks Laich in Sharks zone.
2:47 of 2nd period - Shot by Nick Leddy.
2:47 of 2nd period - Stopped by Jonas Hiller with a rebound.
3:12 of 2nd period - Off-side.
3:13 of 2nd period - Andrew Shaw wins face-off versus Brock Nelson in neutral zone.
3:50 of 2nd period - Minor Penalty to Jon Merrill for Slashing.
3:50 of 2nd period - Minor Penalty to Matt Martin for Hooking.
3:51 of 2nd period - Anders Lee wins face-off versus Stephen Weiss in Sharks zone.
3:52 of 2nd period - Shot by Brock Nelson.
3:52 of 2nd period - Deflect By Anders Lee.
3:52 of 2nd period - Stopped by Jonas Hiller without a rebound.
3:53 of 2nd period - Andrew Shaw wins face-off versus Brock Nelson in Sharks zone.
4:14 of 2nd period - Shot by Anders Lee.
4:14 of 2nd period - Stopped by Jonas Hiller with a rebound.
4:42 of 2nd period - Icing by Dennis Seidenberg.
4:43 of 2nd period - Brock Nelson wins face-off versus Stephen Weiss in MapleLeafs zone.
4:53 of 2nd period - Icing by Robert Bortuzzo.
4:54 of 2nd period - Matt Duchene wins face-off versus Stephen Weiss in Sharks zone.
5:59 of 2nd period - Off-side.
6:00 of 2nd period - Nick Bjugstad wins face-off versus Brock Nelson in neutral zone.
6:13 of 2nd period - Nikolai Kulemin is hit by Michael Del Zotto and loses puck.
6:18 of 2nd period - Shot by Nick Bjugstad.
6:18 of 2nd period - Shot Misses the Net.
6:20 of 2nd period - Shot by Andrew Shaw.
6:20 of 2nd period - Shot Blocked by Michael Del Zotto.
7:32 of 2nd period - Icing by Jamie Oleksiak.
7:33 of 2nd period - Riley Sheahan wins face-off versus Stephen Weiss in MapleLeafs zone.
7:33 of 2nd period - Riley Sheahan is hit by Gabriel Bourque.
7:38 of 2nd period - Dalton Prout is hit by Robert Bortuzzo and loses puck.
7:58 of 2nd period - Shot by Jannik Hansen.
7:58 of 2nd period - Shot Misses the Net.
8:32 of 2nd period - Icing by Jamie Oleksiak.
8:33 of 2nd period - Riley Sheahan wins face-off versus Nick Bjugstad in MapleLeafs zone.
9:03 of 2nd period - Icing by Luke Witkowski.
9:04 of 2nd period - Nick Bjugstad wins face-off versus Dwight King in Sharks zone.
10:22 of 2nd period - Icing by Charlie Coyle.
10:23 of 2nd period - Alexander Wennberg wins face-off versus Brock Nelson in Sharks zone.
10:47 of 2nd period - Shot by Gabriel Bourque.
10:47 of 2nd period - Shot Misses the Net.
11:50 of 2nd period - Shot by Andrew Shaw.
11:50 of 2nd period - Stopped by Petr Mrazek with a rebound.
11:56 of 2nd period - Shot by Andrew Shaw.
11:56 of 2nd period - Shot Blocked by Eric Gelinas.
12:28 of 2nd period - Shot by Charlie Coyle.
12:28 of 2nd period - Shot Blocked by Eric Gelinas.
12:30 of 2nd period - Shot by Brooks Laich.
12:30 of 2nd period - Deflect By Charlie Coyle.
12:30 of 2nd period - Stopped by Petr Mrazek without a rebound.
12:31 of 2nd period - Matt Duchene wins face-off versus Dave Bolland in MapleLeafs zone.
12:49 of 2nd period - Shot by Matt Duchene.
12:49 of 2nd period - Shot Misses the Net.
13:50 of 2nd period - Icing by Jon Merrill.
13:51 of 2nd period - Stephen Weiss wins face-off versus Riley Sheahan in Sharks zone.
13:56 of 2nd period - Shot by Jannik Hansen.
13:56 of 2nd period - Stopped by Petr Mrazek with a rebound.
13:58 of 2nd period - Shot by Jon Merrill.
13:58 of 2nd period - Shot Misses the Net.
14:00 of 2nd period - Shot by Jannik Hansen.
14:00 of 2nd period - Stopped by Petr Mrazek without a rebound.
14:01 of 2nd period - Alexander Wennberg wins face-off versus Riley Sheahan in MapleLeafs zone.
14:04 of 2nd period - Shot by Charlie Coyle.
14:04 of 2nd period - Shot Misses the Net.
14:06 of 2nd period - Shot by Alexander Wennberg.
14:06 of 2nd period - Goal by Alexander Wennberg - MapleLeafs : 0 - Sharks : 2.
14:07 of 2nd period - Riley Sheahan wins face-off versus Alexander Wennberg in neutral zone.
14:21 of 2nd period - Ryan White is hit by Luke Witkowski and loses puck.
14:32 of 2nd period - Michael Del Zotto is hit by Brooks Laich and loses puck.
14:37 of 2nd period - Shot by Brooks Laich.
14:37 of 2nd period - Stopped by Petr Mrazek without a rebound.
14:38 of 2nd period - Stephen Weiss wins face-off versus Brock Nelson in MapleLeafs zone.
14:49 of 2nd period - Shot by Jannik Hansen.
14:49 of 2nd period - Shot Misses the Net.
14:55 of 2nd period - Shot by Stephen Weiss.
14:55 of 2nd period - Shot Misses the Net.
14:58 of 2nd period - Minor Penalty to Stephen Weiss for Holding.
14:59 of 2nd period - Matt Duchene wins face-off versus Brooks Laich in Sharks zone.
15:18 of 2nd period - Icing by Matt Duchene.
15:19 of 2nd period - Matt Duchene wins face-off versus Andrew Shaw in MapleLeafs zone.
15:28 of 2nd period - Shot by Nikita Nikitin.
15:28 of 2nd period - Stopped by Jonas Hiller without a rebound.
15:29 of 2nd period - Brooks Laich wins face-off versus Brock Nelson in Sharks zone.
15:50 of 2nd period - Shot by Anders Lee.
15:50 of 2nd period - Deflect By Dwight King.
15:50 of 2nd period - Shot Misses the Net.
15:52 of 2nd period - Shot by Brock Nelson.
15:52 of 2nd period - Deflect By Anders Lee.
15:52 of 2nd period - Shot Misses the Net.
15:54 of 2nd period - Shot by Eric Gelinas.
15:54 of 2nd period - Shot Misses the Net.
15:56 of 2nd period - Shot by Eric Gelinas.
15:56 of 2nd period - Shot Misses the Net.
16:46 of 2nd period - Shot by Matt Duchene.
16:46 of 2nd period - Stopped by Jonas Hiller with a rebound.
17:26 of 2nd period - Shot by Nick Bjugstad.
17:26 of 2nd period - Shot Misses the Net.
17:28 of 2nd period - Shot by David Savard.
17:28 of 2nd period - Stopped by Petr Mrazek with a rebound.
18:33 of 2nd period - Shot by Gabriel Bourque.
18:33 of 2nd period - Stopped by Petr Mrazek with a rebound.
18:44 of 2nd period - Shot by Jannik Hansen.
18:44 of 2nd period - Stopped by Petr Mrazek without a rebound.
18:45 of 2nd period - Riley Sheahan wins face-off versus Nick Bjugstad in MapleLeafs zone.
18:49 of 2nd period - Icing by Nick Leddy.
18:50 of 2nd period - Nick Bjugstad wins face-off versus Riley Sheahan in MapleLeafs zone.
18:53 of 2nd period - Shot by Nikolai Kulemin.
18:53 of 2nd period - Shot Misses the Net.
19:13 of 2nd period - Shot by Ryan White.
19:13 of 2nd period - Shot Hit the Post.
19:36 of 2nd period - Anders Lee is hit by Robert Bortuzzo and loses puck.
19:42 of 2nd period - Antoine Roussel is hit by Robert Bortuzzo and loses puck.
19:46 of 2nd period - Minor Penalty to Robert Bortuzzo for Holding.
19:47 of 2nd period - Brooks Laich wins face-off versus Matt Duchene in Sharks zone.
19:47 of 2nd period - Brooks Laich is hit by Ryan White.
19:55 of 2nd period - Michael Del Zotto is hit by Brooks Laich and loses puck.
Goals for this period are 0 for MapleLeafs vs 1 for Sharks.
Shots for this period are 8 for MapleLeafs vs 9 for Sharks.

3rd period


0:01 of 3rd period - Brooks Laich wins face-off versus Brock Nelson in neutral zone.
0:15 of 3rd period - Icing by Michael Del Zotto.
0:16 of 3rd period - Brooks Laich wins face-off versus Brock Nelson in MapleLeafs zone.
0:18 of 3rd period - Minor Penalty to Brooks Laich for Tripping.
0:19 of 3rd period - Brock Nelson wins face-off versus Jannik Hansen in Sharks zone.
0:26 of 3rd period - Shot by Eric Gelinas.
0:26 of 3rd period - Stopped by Jonas Hiller without a rebound.
0:27 of 3rd period - Jannik Hansen wins face-off versus Brock Nelson in Sharks zone.
1:01 of 3rd period - Shot by Brock Nelson.
1:01 of 3rd period - Stopped by Jonas Hiller without a rebound.
1:02 of 3rd period - Matt Duchene wins face-off versus Jannik Hansen in Sharks zone.
1:17 of 3rd period - Shot by Nick Leddy.
1:17 of 3rd period - Shot Misses the Net.
1:19 of 3rd period - Shot by Nick Leddy.
1:19 of 3rd period - Stopped by Jonas Hiller without a rebound.
1:20 of 3rd period - Brock Nelson wins face-off versus Jannik Hansen in Sharks zone.
1:25 of 3rd period - Shot by Eric Gelinas.
1:25 of 3rd period - Stopped by Jonas Hiller without a rebound.
1:26 of 3rd period - Matt Duchene wins face-off versus Jannik Hansen in Sharks zone.
2:06 of 3rd period - Icing by Nick Leddy.
2:07 of 3rd period - Andrew Shaw wins face-off versus Matt Duchene in MapleLeafs zone.
2:23 of 3rd period - Antoine Roussel is hit by Ladislav Smid and loses puck.
2:24 of 3rd period - Antoine Roussel from MapleLeafs is injured at 2:24 of 3rd period (Right Hip).
2:25 of 3rd period - Alexander Wennberg wins face-off versus Brock Nelson in Sharks zone.
2:27 of 3rd period - Icing by Charlie Coyle.
2:28 of 3rd period - Alexander Wennberg wins face-off versus Brock Nelson in Sharks zone.
3:10 of 3rd period - Shot by Charlie Coyle.
3:10 of 3rd period - Stopped by Petr Mrazek with a rebound.
3:13 of 3rd period - Icing by Dennis Seidenberg.
3:14 of 3rd period - Brock Nelson wins face-off versus Nick Bjugstad in MapleLeafs zone.
3:14 of 3rd period - Minor Penalty to Andrew Shaw for High sticking.
3:15 of 3rd period - Brooks Laich wins face-off versus Matt Duchene in Sharks zone.
3:26 of 3rd period - Shot by Nick Leddy.
3:26 of 3rd period - Stopped by Jonas Hiller with a rebound.
3:28 of 3rd period - Shot by Milan Lucic.
3:28 of 3rd period - Shot Hit the Post.
3:30 of 3rd period - Shot by Matt Duchene.
3:30 of 3rd period - Stopped by Jonas Hiller without a rebound.
3:31 of 3rd period - Brooks Laich wins face-off versus Brock Nelson in Sharks zone.
3:31 of 3rd period - David Savard is hit by Anders Lee and loses puck.
4:04 of 3rd period - Shot by Dwight King.
4:04 of 3rd period - Shot Blocked by Andrej Sustr.
4:30 of 3rd period - Nick Leddy is hit by Nick Bjugstad and loses puck.
4:55 of 3rd period - Icing by Nick Leddy.
4:56 of 3rd period - Matt Duchene wins face-off versus Dave Bolland in MapleLeafs zone.
5:11 of 3rd period - Icing by Nikita Nikitin.
5:12 of 3rd period - Dave Bolland wins face-off versus Matt Duchene in MapleLeafs zone.
5:18 of 3rd period - Icing by Jamie Oleksiak.
5:19 of 3rd period - Nick Bjugstad wins face-off versus Riley Sheahan in MapleLeafs zone.
5:19 of 3rd period - Nick Bjugstad is hit by Dalton Prout.
7:04 of 3rd period - Robert Bortuzzo is hit by Milan Lucic and loses puck.
7:48 of 3rd period - Shot by Alexander Wennberg.
7:48 of 3rd period - Shot Misses the Net.
8:00 of 3rd period - Shot by Anders Lee.
8:00 of 3rd period - Stopped by Jonas Hiller with a rebound.
8:02 of 3rd period - Shot by Riley Sheahan.
8:02 of 3rd period - Shot Misses the Net.
8:04 of 3rd period - Shot by Anders Lee.
8:04 of 3rd period - Goal by Anders Lee - MapleLeafs : 1 - Sharks : 2.
8:05 of 3rd period - Brock Nelson wins face-off versus Viktor Stalberg in neutral zone.
8:35 of 3rd period - Eric Gelinas is hit by Luke Witkowski and loses puck.
9:00 of 3rd period - Ryan White is hit by Luke Witkowski and loses puck.
9:14 of 3rd period - Off-side.
9:15 of 3rd period - Alexander Wennberg wins face-off versus Matt Duchene in neutral zone.
9:34 of 3rd period - Shot by Charlie Coyle.
9:34 of 3rd period - Stopped by Petr Mrazek with a rebound.
9:45 of 3rd period - Matt Duchene is hit by Charlie Coyle and loses puck.
10:23 of 3rd period - Minor Penalty to Andrej Sustr for Hooking.
10:24 of 3rd period - Matt Duchene wins face-off versus Andrew Shaw in Sharks zone.
10:31 of 3rd period - Shot by Ryan White.
10:31 of 3rd period - Goal by Ryan White - MapleLeafs : 2 - Sharks : 2.
10:32 of 3rd period - Stephen Weiss wins face-off versus Matt Martin in neutral zone.
10:43 of 3rd period - Shot by Jannik Hansen.
10:43 of 3rd period - Shot Misses the Net.
10:49 of 3rd period - Jannik Hansen is hit by Matt Martin and loses puck.
11:03 of 3rd period - Icing by Jannik Hansen.
11:04 of 3rd period - Jannik Hansen wins face-off versus Brock Nelson in Sharks zone.
11:06 of 3rd period - Icing by Gabriel Bourque.
11:07 of 3rd period - Matt Duchene wins face-off versus Stephen Weiss in Sharks zone.
11:24 of 3rd period - Shot by Milan Lucic.
11:24 of 3rd period - Shot Misses the Net.
11:28 of 3rd period - Shot by Dwight King.
11:28 of 3rd period - Deflect By Matt Duchene.
11:28 of 3rd period - Goal by Matt Duchene - MapleLeafs : 3 - Sharks : 2.
11:29 of 3rd period - Nick Bjugstad wins face-off versus Brock Nelson in neutral zone.
12:27 of 3rd period - Shot by Charlie Coyle.
12:27 of 3rd period - Deflect By Alexander Wennberg.
12:27 of 3rd period - Shot Misses the Net.
13:01 of 3rd period - Shot by Charlie Coyle.
13:01 of 3rd period - Stopped by Petr Mrazek with a rebound.
13:03 of 3rd period - Shot by Brooks Laich.
13:03 of 3rd period - Shot Blocked by Dennis Seidenberg.
13:14 of 3rd period - Icing by Dennis Seidenberg.
13:15 of 3rd period - Brock Nelson wins face-off versus Stephen Weiss in MapleLeafs zone.
13:17 of 3rd period - Icing by Anders Lee.
13:18 of 3rd period - Stephen Weiss wins face-off versus Brock Nelson in MapleLeafs zone.
13:18 of 3rd period - Stephen Weiss is hit by Michael Del Zotto.
13:23 of 3rd period - Icing by Michael Del Zotto.
13:24 of 3rd period - Riley Sheahan wins face-off versus Nick Bjugstad in MapleLeafs zone.
13:28 of 3rd period - Off-side.
13:29 of 3rd period - Matt Duchene wins face-off versus Nick Bjugstad in neutral zone.
13:32 of 3rd period - David Savard is hit by Milan Lucic.
13:46 of 3rd period - Shot by Nick Bjugstad.
13:46 of 3rd period - Shot Misses the Net.
14:06 of 3rd period - Shot by Nick Bjugstad.
14:06 of 3rd period - Shot Misses the Net.
14:08 of 3rd period - Shot by Nikolai Kulemin.
14:08 of 3rd period - Shot Misses the Net.
14:10 of 3rd period - Shot by Nikolai Kulemin.
14:10 of 3rd period - Deflect By Andrew Shaw.
14:10 of 3rd period - Stopped by Petr Mrazek without a rebound.
14:11 of 3rd period - Matt Duchene wins face-off versus Stephen Weiss in MapleLeafs zone.
14:15 of 3rd period - Minor Penalty to Andrej Sustr for Hooking.
14:16 of 3rd period - Ryan White wins face-off versus Brooks Laich in Sharks zone.
15:22 of 3rd period - Shot by Dwight King.
15:22 of 3rd period - Stopped by Jonas Hiller with a rebound.
15:24 of 3rd period - Shot by Anders Lee.
15:24 of 3rd period - Stopped by Jonas Hiller without a rebound.
15:25 of 3rd period - Andrew Shaw wins face-off versus Matt Duchene in Sharks zone.
15:50 of 3rd period - Shot by Matt Duchene.
15:50 of 3rd period - Shot Misses the Net.
16:35 of 3rd period - Shot by Matt Martin.
16:35 of 3rd period - Shot Misses the Net.
16:37 of 3rd period - Shot by Matt Martin.
16:37 of 3rd period - Shot Blocked by Jon Merrill.
16:45 of 3rd period - Shot by Matt Martin.
16:45 of 3rd period - Stopped by Jonas Hiller without a rebound.
16:46 of 3rd period - Dave Bolland wins face-off versus Brock Nelson in Sharks zone.
16:46 of 3rd period - Dave Bolland is hit by Brock Nelson.
17:04 of 3rd period - Shot by Dave Bolland.
17:04 of 3rd period - Stopped by Petr Mrazek without a rebound.
17:05 of 3rd period - Stephen Weiss wins face-off versus Riley Sheahan in MapleLeafs zone.
18:11 of 3rd period - Shot by Brooks Laich.
18:11 of 3rd period - Shot Blocked by Ryan White.
18:33 of 3rd period - Dalton Prout is hit by Charlie Coyle and loses puck.
18:58 of 3rd period - Shot by Nikolai Kulemin.
18:58 of 3rd period - Shot Misses the Net.
19:06 of 3rd period - Shot by Matt Duchene.
19:06 of 3rd period - Stopped by Jonas Hiller with a rebound.
19:12 of 3rd period - Shot by Dwight King.
19:12 of 3rd period - Stopped by Jonas Hiller with a rebound.
19:20 of 3rd period - Shot by Matt Duchene.
19:20 of 3rd period - Stopped by Jonas Hiller with a rebound.
19:22 of 3rd period - Shot by Dwight King.
19:22 of 3rd period - Shot Misses the Net.
19:32 of 3rd period - Shot by Milan Lucic.
19:32 of 3rd period - Stopped by Jonas Hiller without a rebound.
19:33 of 3rd period - Nick Bjugstad wins face-off versus Matt Duchene in Sharks zone.
19:33 of 3rd period - Nick Bjugstad is hit by Milan Lucic.
19:43 of 3rd period - Sharks, Jonas Hiller is pulled from the net.
Goals for this period are 3 for MapleLeafs vs 0 for Sharks.
Shots for this period are 17 for MapleLeafs vs 5 for Sharks.